 Dungeon Crawl Stone Soup version 0.29-a0-321-gf1c400731a (webtiles) character file.

Game seed: 14873670741698688585

1053 experimilk the Arsonist (level 8, -4/57 HPs)
             Began as a Grey Draconian Fire Elementalist on Apr 3, 2022.
             Was an Initiate of Sif Muna.
             Slain by a hornet (8 damage)
             ... while paralysed by a hornet
             ... on level 7 of the Dungeon.
             The game lasted 00:34:07 (9169 turns).

experimilk the Arsonist (DrFE)                      Turns: 9169, Time: 00:34:08

Health: -4/57      AC: 12    Str: 11    XL:     8   Next: 5%
Magic:  2/12       EV:  2    Int: 17    God:    Sif Muna [......]
Gold:   598        SH:  0    Dex: 12    Spells: 3/13 levels left

rFire   + . .      SeeInvis +   f - +0 short sword (venom)
rCold   x . .      Faith    .   (no shield)
rNeg    . . .      Spirit   .   (body armour unavailable)
rPois   .          Reflect  .   (helmet restricted)
rElec   .          Harm     .   (no cloak)
rCorr   .          Rampage  .   i - +0 pair of gloves
Will    .....                   (no boots)
Stlth   ++........              (no amulet)
HPRegen 0.19/turn               c - ring of see invisible
MPRegen 0.13/turn               q - ring of fire

@: paralysed, mighty, lethally poisoned (-4 -> -23), slowed
A: AC +11, amphibious, unfitting armour, cold-blooded
a: Renounce Religion


You were on level 7 of the Dungeon.
You worshipped Sif Muna.
Sif Muna was noncommittal.
You visited 2 branches of the dungeon, and saw 7 of its levels.

You collected 598 gold pieces.

Inventory:

Hand Weapons
 f - a +0 short sword of venom (weapon)
 m - a +0 whip of electrocution
Armour
 i - a +0 pair of gloves (worn)
Jewellery
 c - a ring of see invisible (left hand)
 q - a ring of fire (right hand)
Scrolls
 d - 2 scrolls of fear
 g - a scroll of enchant weapon
 h - a scroll of identify
Potions
 a - a potion of attraction
 b - a potion of heal wounds
 e - a potion of magic
 j - a potion of might
 k - 2 potions of curing
 l - 3 potions of brilliance


   Skills:
 - Level 3.0 Dodging
 - Level 1.7 Stealth
 - Level 3.0 Spellcasting
 - Level 3.0 Conjurations
 * Level 8.7 Fire Magic


You had 3 spell levels left.
You knew the following spells:

 Your Spells              Type           Power      Damage    Failure   Level
a - Foxfire               Conj/Fire      100%       2x1d9     1%          1
b - Scorch                Fire           96%        2d10      1%          2
q - Flame Wave            Conj/Fire      33%        2d8       16%         4
s - Conjure Flame         Conj/Fire      33%        6-21      4%          3

Your spell library contained the following spells:

 Spells                   Type           Power      Damage    Failure   Level
 Inner Flame              Hex/Fire       26%        N/A       9%          3
 Ensorcelled Hibernation  Hex/Ice        4%         N/A       26%         2
 Passwall                 Tmut/Erth      1%         N/A       26%         2
 Swiftness                Air            2%         N/A       45%         3
 Summon Forest            Summ/Tloc      1%         N/A       99%         5
 Summon Mana Viper        Hex/Summ       2%         N/A       99%         5
 Summon Cactus Giant      Summ           1%         N/A       100%        6


Dungeon Overview and Level Annotations

Branches:
Dungeon (5/15)             Temple (1/1) D:5

Altars:
Dithmenos
Fedhas
Gozag
Kikubaaqudgha
Makhleb
Nemelex Xobeh
Qazlal
Sif Muna
Trog
Uskayaw
Xom
Zin
The Shining One


Innate Abilities, Weirdness & Mutations

Your dull iron-grey scales are very hard. (AC +11)
You are amphibious.
You cannot fit into any form of body armour.
You are cold-blooded and may be slowed by cold attacks.


Message History

The hornet's fire resistance burns away.
You hear a shout!
The hornet closely misses you. The hornet stings you.
You suddenly lose the ability to move!
You hear a shout!
The hornet stings you.
You are poisoned.
You feel yourself slow down.
You can move again.
Casting: Scorch (safe; 1% risk of failure)
Press: ? - help, Q - select action, (/) - cycle Dir - look around, f - activate You feel a surge of power!
Flames lash the hornet.
The hornet is burned terribly!
The hornet is heavily wounded.
You feel very sick.
You hear a shout!
The hornet stings you.
You feel as though you will be slow longer.
The hornet stings you!
You feel as though you will be slow longer.
You hear a shout!
Unknown command.
You feel very mighty all of a sudden.
You feel sick. The hornet stings you.
You are more poisoned.
You feel as though you will be slow longer.
The hornet closely misses you.
You barely miss the hornet.
The hornet is heavily wounded.
You feel very sick. The hornet stings you.
You are lethally poisoned!
You suddenly lose the ability to move!
The hornet stings you!
* * * LOW HITPOINT WARNING * * *
You shrug off the repeated paralysis!
The hornet stings you but does no damage.
* * * LOW HITPOINT WARNING * * *
You feel very sick. The hornet stings you!
You die...

########## #.# ###.......#
#....)[†.### #.####.....###..
#.######...####.#.........♣###
#.# #............######♣..♣ #
#.####.#...##.#...# ♣.!.♣
#.##......###....## ♣...
#.##.#.#.## #....# ...
#.##.#.#.# #.y.## ..
#........# #@#)# .
####.#........#.#
#.##########.# #...†.....# #K#
#.###.###.# ..# #. ... .# #
..# .... .#..


You could see a hornet (combustible).

Vanquished Creatures
  A sky beast (D:4)
  2 black bears (D:5)
  An ice beast (D:7)
  A bullfrog (D:7)
  A scorpion (D:5)
  2 howler monkeys (D:7)
  A gnoll shaman (D:7)
  2 hounds
  A jelly (D:7)
  Jessica (D:2)
  Robin (D:2)
  6 adders
  10 gnolls (D:4)
  An ufetubus (D:4)
  A worm (D:3)
  7 dart slugs
  5 orcs (D:4)
  2 ball pythons
  6 endoplasms
  4 giant cockroaches
  40 goblins
  30 hobgoblins
  3 jackals (D:2)
  8 kobolds
  2 quokkas
  5 bats
  A frilled lizard (D:1)
  4 rats
149 creatures vanquished.

Vanquished Creatures (others)
  194 foxfires
194 creatures vanquished.

Grand Total: 343 creatures vanquished

Notes
Turn   | Place    | Note
-------+----------+-------------------------------------------
     0 | D:1      | experimilk the Draconian Fire Elementalist began the quest
                  | for the Orb.
     0 | D:1      | Reached XP level 1. HP: 14/14 MP: 3/3
   537 | D:1      | Reached XP level 2. HP: 20/20 MP: 3/5
  1029 | D:1      | Learned a level 2 spell: Scorch
  1152 | D:1      | Reached skill level 4 in Fire Magic
  1694 | D:2      | Reached XP level 3. HP: 24/26 MP: 0/6
  1857 | D:2      | Learned a level 3 spell: Conjure Flame
  2013 | D:2      | Found a faded altar of an unknown god.
  2227 | D:2      | Noticed Jessica
  2230 | D:2      | Killed Jessica
  2373 | D:2      | Noticed Robin
  2390 | D:2      | Reached XP level 4. HP: 33/33 MP: 0/7
  2421 | D:2      | Reached skill level 5 in Fire Magic
  2436 | D:2      | Killed Robin
  3876 | D:3      | Reached XP level 5. HP: 38/38 MP: 5/8
  4400 | D:4      | Found a sparkling altar of Nemelex Xobeh.
  4413 | D:4      | Reached skill level 6 in Fire Magic
  4654 | D:4      | Noticed a sky beast
  4661 | D:4      | Killed a sky beast
  4662 | D:4      | Reached XP level 6. HP: 45/45 MP: 0/9
  4745 | D:4      | Found a blossoming altar of Fedhas.
  4747 | D:4      | Identified a scroll of acquirement
  4748 | D:4      | Acquired 327 gold pieces
  8039 | D:4      | Learned a level 4 spell: Flame Wave
  8072 | D:5      | Entered Level 5 of the Dungeon
  8093 | D:5      | Noticed a yak
  8093 | D:5      | Noticed a yak
  8093 | D:5      | Noticed a yak
  8142 | D:5      | Your scales start taking on a dull iron-grey colour.
  8142 | D:5      | Reached XP level 7. HP: 50/50 MP: 4/11
  8343 | D:5      | Found a staircase to the Ecumenical Temple.
  8352 | Temple   | Entered the Ecumenical Temple
  8514 | Temple   | Became a worshipper of Sif Muna the Loreminder
  8540 | D:5      | Reached skill level 7 in Fire Magic
  8644 | D:5      | You fall into a shaft and drop 2 floors!
  8644 | D:7      | Found a hide-covered altar of Uskayaw.
  8798 | D:7      | Noticed a two-headed ogre
  8877 | D:7      | Found a glowing golden altar of the Shining One.
  8961 | D:7      | Reached skill level 8 in Fire Magic
  9072 | D:7      | Reached XP level 8. HP: 54/57 MP: 4/12
  9163 | D:7      | Noticed a hornet
  9164 | D:7      | Paralysed by a hornet for 2 turns
  9168 | D:7      | Paralysed by a hornet for 3 turns
  9169 | D:7      | Slain by a hornet

Illustrated notes

Levels and vault maps discovered:
D:1:      doesnt_arrival_eight_statues, layout_basic, chequers_arboretum,
          minmay_misc_feat_square
D:2:      layout_basic, shapermc_ecumenical_altar_starsandcircs, uniq_jessica,
          uniq_robin
D:3:      layout_basic
D:4:      minmay_goblin_kobold_castle, layout_cave_pools, kennysheep_mini_moat,
          old_standard_altar, mrwooster_statue_mirror
D:5:      black_bear_nest_1, layout_basic, worldfamousw_hep_ancestral_shrine,
          ashenzari_conservatory_becter, minmay_temple_entry_wispy,
          enter_ossuary_4, corner_web_ring, uniq_ijyb
D:7:      layout_loops_corners, kennysheep_ying_yang,
          nicolae_tso_carved_into_rock, mainiacjoe_overflow_catch_the_wave,
          st_stairs_3, dreamdust_gnoll_shepherd
Temple:   nicolae_temple_figure_zero

Skill      XL: |  1  2  3  4  5  6  7 |
---------------+----------------------+-----
Fire Magic     | 4 5 6 8 |  8.7
Dodging        | 2 3 |  3.0
Conjurations   | 2 3 |  3.0
Spellcasting   | 3 |  3.0
Stealth        | |  1.7

Action                   |  1- 3 |  4- 6 |  7- 9 || total
-------------------------+-------+-------+-------++-------
Melee: Unarmed           |    19 |       |       ||    19
       Dagger            |    10 |    45 |       ||    55
       Tailslap          |     3 |     8 |     1 ||    12
       Punch             |     1 |     1 |       ||     2
       Short sword       |       |    45 |     7 ||    52
 Cast: Foxfire           |    43 |    68 |     8 ||   119
       Scorch            |     8 |    77 |    30 ||   115
       Conjure Flame     |     1 |     1 |     1 ||     3
Evoke: Wand              |       |    13 |       ||    13
  Use: Scroll            |     1 |    11 |       ||    12
       Potion            |       |     8 |     1 ||     9
 Stab: Sleeping          |     1 |       |       ||     1
Armor: Skin              |    19 |    63 |     4 ||    86
Dodge: Dodged            |    26 |   158 |     6 ||   190

Table legend: (Time is in decaauts)
 A = Elapsed time spent in this place.
 B = Non-inter-level travel time spent in this place.
 C = Inter-level travel time spent in this place.
 D = Time resting spent in this place.
 E = Time spent auto-exploring this place.
 F = Levels seen in this place.
 G = Mean time per level.
                   A        B        C        D        E       F      G
               +--------+--------+--------+--------+--------+-----+--------+
         Total |   9186 |   8964 |    222 |   4776 |   2142 |   7 | 1312.3 |
       Dungeon |   9010 |   8800 |    210 |   4776 |   2030 |   6 | 1501.7 |
        Temple |    175 |    163 |     12 |      0 |    112 |   1 |  175.0 |
               +--------+--------+--------+--------+--------+-----+--------+

Top non-repeatable levels by time:
     D:4: 3849 daAuts
     D:2: 1932 daAuts
     D:1: 1575 daAuts
     D:3: 768 daAuts
     D:7: 527 daAuts
     D:5: 357 daAuts
  Temple: 175 daAuts
